 Dungeon Crawl Stone Soup version 0.31-a0-1499-ge0622b2318 (webtiles) character file.

Game seed: 5053693850351946673

368 Ofeo the Trooper (level 6, 0/66 HPs)
             Began as an Oni Shapeshifter on Dec 30, 2023.
             Slain by an iguana (9 damage)
             ... on level 4 of the Dungeon.
             The game lasted 00:03:34 (3449 turns).

Ofeo the Trooper (Oni Shapeshifter)                 Turns: 3449, Time: 00:03:34

Health: 0/66       AC:  6    Str: 21    XL:     6   Next: 69%
Magic:  6/6        EV: 15    Int: 11    God:
Gold:   220        SH:  0    Dex:  8    Spells: 5/5 levels left

rFire   . . .        b - +7 sling
rCold   . . .        (no shield)
rNeg    . . .        e - +0 animal skin
rPois   +            (helmet restricted)
rElec   .            j - +2 cloak {rPois}
rCorr   .            (gloves unavailable)
SInv    .            (boots unavailable)
Will    .....        (no amulet)
Stlth   +            n - +5 ring of evasion
HPRegen 0.31/turn    (no ring)
MPRegen 0.10/turn

%: no passive effects
@: no status effects
A: large, unfitting armour, horns 1, tough skin 1, double potion healing,
drunken brawling
a: no special abilities


You were on level 4 of the Dungeon.
You visited 1 branch of the dungeon, and saw 4 of its levels.

You collected 220 gold pieces.

Inventory:

Hand Weapons
 a - a +4 whip
 b - a +7 sling (weapon)
Armour
 e - a +0 animal skin (worn)
 j - a +2 cloak of poison resistance (worn)
 m - a +0 cloak
Jewellery
 n - a +5 ring of evasion (left hand)
Talismans
 c - a beast talisman
 d - a flux talisman
Scrolls
 g - a scroll of fog
 i - a scroll of identify {@r1}
 k - 2 scrolls of enchant weapon
 s - a scroll of torment {unknown}
Potions
 f - a potion of attraction
 l - a potion of lignification
 o - a potion of resistance {unknown}
 p - a potion of haste {unknown}
 q - a potion of curing {@q1}
 r - a potion of brilliance {unknown}


   Skills:
 + Level 5.5 Fighting
 + Level 4.1 Dodging
 - Level 2.8 Unarmed Combat
 - Level 3.9 Shapeshifting


You had 5 spell levels left.
You didn't know any spells.
Your spell library was empty.

Dungeon Overview and Level Annotations

Branches:
Dungeon (4/15)
 Temple: D:4-7

Altars:
Wu Jian


Innate Abilities, Weirdness & Mutations

You are too large for most types of armour.
You have a pair of small horns on your head.
You have tough skin. (AC +1)
You gain doubled healing and magic from potions.
Whenever you drink a healing potion, you attack all around you.


Message History

* * * LOW HITPOINT WARNING * * *
You take 1 damage, and have 13/63 hp.
You closely miss Duvessa.
Duvessa is almost dead.
Duvessa hits you with a +0 short sword!
* * * LOW HITPOINT WARNING * * *
You take 10 damage, and have 3/63 hp.
You hit Duvessa but do no damage.
Duvessa is almost dead.
Duvessa hits you with a +0 short sword.
* * * LOW HITPOINT WARNING * * *
Duvessa closely misses you.
You take 2 damage, and have 1/63 hp.
You take a swig of the potion and twirl your +4 whip.
You hit Duvessa. You punch Duvessa.
You kill Duvessa!
Dowan seems overcome with grief.
Dowan seems to find hidden reserves of power!
You savour every drop.
You feel much better.
Dowan casts a spell.
Dowan blinks!
Dowan gestures at you while chanting. The shard of ice hits you!
* * * LOW HITPOINT WARNING * * *
Your Fighting skill increases to level 5!
You regained 13 hp, and now have 14/66 hp.
b - a +7 sling (weapon)
Fire: b) +7 sling
Press: ? - help, Q - select action Shift-Dir - straight line, f - Dowan
Aim: Dowan, wielding a +0 dagger and wearing a +0 robe (almost dead, fast, 53% to hit)
You shoot a sling bullet. The sling bullet hits Dowan!
You kill Dowan!
The iguana bites you.
* * * LOW HITPOINT WARNING * * *
Your Dodging skill increases to level 4!
You take 5 damage, and have 9/66 hp.
You shoot a sling bullet. The sling bullet hits the iguana.
The iguana is lightly wounded.
The iguana bites you!
You die...

#.# #.# #.#
###.#####.## ###.#
#........... ...#
#...#####.## #.##
#.###...##
#....##........#
#.......§..##
####.####l## #.# #@#
####.# ....l...# #.#
#..... ##.######
##†## #.##.# .#
##...## #.##.# .#
##...).## #.##.###.#
##.......###.##.....#
#.........##.#...#..#
+.........'.........#
#.........##.#...#..#


You could see an iguana.

Vanquished Creatures
  Duvessa (D:4)
  A scorpion (D:4)
  Dowan (D:4)
  Crazy Yiuf (D:3)
  4 adders
  2 ribbon worms
  4 dart slugs
  An orc (D:3)
  8 bats
  7 endoplasms
  4 giant cockroaches
  4 goblins
  4 hobgoblins
  7 jackals
  4 quokkas
  5 ball pythons
  6 frilled lizards
  7 kobolds
  8 rats
79 creatures vanquished.

Notes
Turn   | Place    | Note
-------+----------+-------------------------------------------
     0 | D:1      | Ofeo the Oni Shapeshifter began the quest for the Orb.
     0 | D:1      | Reached XP level 1. HP: 19/19 MP: 1/1
   293 | D:1      | Reached XP level 2. HP: 28/28 MP: 2/2
   400 | D:1      | Reached skill level 2 in Fighting
   893 | D:1      | Reached XP level 3. HP: 36/36 MP: 3/3
  1406 | D:2      | Reached skill level 3 in Fighting
  1409 | D:2      | Found a faded altar of an unknown god.
  1437 | D:2      | Reached XP level 4. HP: 45/45 MP: 4/4
  2245 | D:3      | Reached XP level 5. HP: 45/54 MP: 5/5
  2719 | D:3      | Found a runed translucent door.
  2720 | D:3      | Noticed Crazy Yiuf
  2742 | D:3      | Killed Crazy Yiuf
  2954 | D:4      | Reached skill level 4 in Fighting
  3081 | D:4      | Found an ornate altar of the Wu Jian Council.
  3350 | D:4      | Reached XP level 6. HP: 48/63 MP: 6/6
  3417 | D:4      | Noticed Duvessa
  3417 | D:4      | Noticed Dowan
  3444 | D:4      | HP: 3/63 [Duvessa/+0 short sword (11)]
  3445 | D:4      | HP: 1/63 [Duvessa/+0 short sword (2)]
  3446 | D:4      | Killed Duvessa
  3447 | D:4      | Reached skill level 5 in Fighting
  3448 | D:4      | Killed Dowan
  3449 | D:4      | Slain by an iguana

Illustrated notes

Levels and vault maps discovered:
D:1:      scummos_arrival_simple_fountains, layout_basic
D:2:      layout_basic, nicolae_ecumenical_oubliette
D:3:      layout_basic, uniq_crazy_yiuf_cottage
D:4:      layout_loops_corners, lemuel_doored_altar, uniq_duvessa

Skill      XL: |  1  2  3  4  5  6 |
---------------+-------------------+-----
Dodging        | 2 3 4 |  4.1
Fighting       | 2 3 4 5 |  5.5
Unarmed Combat | |  2.8
Shapeshifting  | |  3.9

Action                     |  1- 3 |  4- 6 || total
---------------------------+-------+-------++-------
  Melee: Unarmed           |    22 |     4 ||    26
         Headbutt          |     6 |     2 ||     8
         Whip              |    50 |     6 ||    56
         Punch             |       |     1 ||     1
   Fire: Sling             |    20 |   117 ||   137
Ability: Begin Untransform |       |     1 ||     1
    Use: Scroll            |     2 |     8 ||    10
         Potion            |       |     3 ||     3
 Armour: Animal skin       |    45 |    54 ||    99
         Skin              |       |     2 ||     2
  Dodge: Dodged            |    46 |    82 ||   128
   Form: Beast             |       |     1 ||     1

Table legend: (Time is in decaauts)
 A = Elapsed time spent in this place.
 B = Non-inter-level travel time spent in this place.
 C = Inter-level travel time spent in this place.
 D = Time resting spent in this place.
 E = Time spent auto-exploring this place.
 F = Levels seen in this place.
 G = Mean time per level.
                   A        B        C        D        E       F      G
               +--------+--------+--------+--------+--------+-----+--------+
         Total |   3504 |   3358 |    146 |     67 |   2798 |   4 |  876.0 |
       Dungeon |   3504 |   3358 |    146 |     67 |   2798 |   4 |  876.0 |
               +--------+--------+--------+--------+--------+-----+--------+

Top non-repeatable levels by time:
     D:1: 1204 daAuts
     D:3: 912 daAuts
     D:2: 788 daAuts
     D:4: 598 daAuts
